AoeStats
← Alejandro Magno

Arabia

510231566Analyzed
1v1 RM · 1d ago on Sep 30, 2026· 45m 18s· 2 players
Game mode
Random Map
Map size
Tiny (2 player)
Population
200
Speed
Normal
Resources
Standard
Victory
Conquest
Starting age
Dark Age
Ending age
Imperial Age
RankedLock teamsTeams togetherTeam positionsShared explorationLock speedFull tech treeHidden civsTurbo modeCheats
Victory
Defeat
🇺🇸 Goths · United States
661
+17
🇨🇴 Britons · Colombia
672
-17
Alejandro Magno
11:43 Feudal Age
15:16 Man-at-Arms
24:01 Castle Age
35:42 Long Swordsman
SummerLotus9561
11:12 Feudal Age
11:38 Double-Bit Axe
11:40 Horse Collar
14:08 Man-at-Arms
16:58 Loom
20:04 Town Watch
30:48 Castle Age
33:27 Wheelbarrow
39:34 Hand Cart
40:54 Bow Saw
Connection lost

Rejoining the realm…

Still unreachable

The connection could not be restored.

Session expired

The server has moved on; the page needs a fresh start.